 Dungeon Crawl Stone Soup version 0.29.1-1-gd02db6906a (webtiles) character file.

Game seed: 14917748892979744485

13 byup the Trooper (level 2, -1/25 HPs)
             Began as a Barachi Fighter on Oct 12, 2022.
             Slain by a quokka (2 damage)
             ... on level 1 of the Dungeon.
             The game lasted 00:03:11 (283 turns).

byup the Trooper (Barachi Fighter)                   Turns: 283, Time: 00:03:12

Health: -1/25      AC:  7    Str: 17    XL:     2   Next: 37%
Magic:  2/2        EV:  9    Int:  8    God:
Gold:   0          SH:  4    Dex: 11    Spells: 1/1 levels left

rFire   . . .      SeeInvis .   a - +0 long sword
rCold   . . .      Faith    +   c - +0 buckler
rNeg    . . .      Spirit   .   b - +0 scale mail
rPois   .          Reflect  .   (no helmet)
rElec   .          Harm     .   (no cloak)
rCorr   .          Rampage  .   (no gloves)
Will    .....                   (no boots)
Stlth   ..........              g - amulet of faith
HPRegen 0.08/turn               (no ring)
MPRegen 0.08/turn               (no ring)

@: slow
A: amphibious, slowness 1, strong legs 1, +LOS
a: Hop


You were on level 1 of the Dungeon.
You visited 1 branch of the dungeon, and saw 1 of its levels.

Inventory:

Hand Weapons
 a - a +0 long sword (weapon)
Armour
 b - a +0 scale mail (worn)
 c - a +0 buckler (worn)
Jewellery
 g - an amulet of faith (around neck)
Scrolls
 f - a scroll of magic mapping {unknown}
Potions
 d - a potion of might
 e - a potion of attraction {unknown}


   Skills:
 + Level 3.9 Fighting
 + Level 2.5 Long Blades
 + Level 3.9 Armour
 + Level 3.6 Shields


You had one spell level left.
You didn't know any spells.
Your spell library was empty.

Dungeon Overview and Level Annotations

Branches:
Dungeon (1/15)

Altars:


Innate Abilities, Weirdness & Mutations

You are amphibious.
You cover ground slowly.
You can hop short distances.
You have an extended range of vision and can be seen from far away.


Message History

You closely miss the jackal. The jackal closely misses you.
The jackal barely misses you. The quokka completely misses you.
The quokka bites you but does no damage.
The kobold hits you but does no damage. The jackal closely misses you. x2
You hit the jackal.
The jackal is severely wounded.
You are ready to hop once more.
You block the quokka's attack. The quokka misses you.
The jackal bites you but does no damage. x2
The kobold closely misses you.
The quokka bites you but does no damage.
The quokka bites you. The jackal bites you.
* * * LOW HITPOINT WARNING * * *
The jackal barely misses you.
You hit the jackal.
You kill the jackal!
The kobold closely misses you. The jackal closely misses you.
The quokka bites you but does no damage. x2
The kobold hits you with a +0 short sword.
* * * LOW HITPOINT WARNING * * *
The jackal bites you but does no damage.
The quokka bites you.
* * * LOW HITPOINT WARNING * * *
The kobold misses you.
You see here a rat corpse.
You hit the jackal.
The jackal is heavily wounded.
The jackal bites you but does no damage.
The quokka bites you but does no damage.
You block the kobold's attack.
The jackal bites you but does no damage.
You slash the jackal!
You kill the jackal!
The quokka bites you but does no damage.
The kobold hits you but does no damage.
The quokka bites you but does no damage. x2
You miss the quokka. The kobold hits you but does no damage.
The quokka misses you. x2; The kobold hits you but does no damage.
The quokka bites you.
You die...

##.##............# .#
#...#..........#####.
.................#..
#...##†#)........#.######
##.###.#................
...# #.#..>.........#.##
#..#
#.#####.......(...###
...# #.# #.....r..).....
...# #.# #..#.@r†....##
..## #.# #..#.†K......#
...# #.# #..............
#### #..#####......# #..#
....#.. . #. .#.## # . ..
.... . ## # ### #


You could see 2 quokkas and a kobold.

Vanquished Creatures
  An endoplasm (D:1)
  2 hobgoblins (D:1)
  4 jackals (D:1)
  A kobold (D:1)
  A frilled lizard (D:1)
  2 rats (D:1)
11 creatures vanquished.

Notes
Turn   | Place    | Note
-------+----------+-------------------------------------------
     0 | D:1      | byup the Barachi Fighter began the quest for the Orb.
     0 | D:1      | Reached XP level 1. HP: 18/18 MP: 1/1
   135 | D:1      | Reached XP level 2. HP: 14/25 MP: 2/2
   280 | D:1      | HP: 1/25 [quokka (2)]
   283 | D:1      | Slain by a quokka

Illustrated notes

Levels and vault maps discovered:
D:1:      minmay_arrival_pointy, layout_loops_ring, serial_shops,
          nicolae_shop_behind_doors

Action                   || total
-------------------------++-------
Melee: Long sword        ||    26
 Abil: Hop               ||     1
Armor: Scale mail        ||    35
Dodge: Dodged            ||    36
Block: Buckler           ||    12
